 Dungeon Crawl Stone Soup version 0.30-a0-808-g6e0788376e (webtiles) character file.

Game seed: 12396853156252675320

193 cforsyth the Sneak (level 6, -3/55 HPs)
             Began as a Kobold Brigand on Feb 27, 2023.
             Slain by an ice beast (7 damage)
             ... on level 3 of the Dungeon.
             The game lasted 00:02:26 (2144 turns).

cforsyth the Sneak (Kobold Brigand)                 Turns: 2144, Time: 00:02:27

Health: -3/55      AC: 23    Str:  8    XL:     6   Next: 2%
Magic:  6/6        EV:  3    Int: 12    God:
Gold:   80         SH:  0    Dex: 19    Spells: 5/5 levels left

rFire   . . .      SeeInvis +    l - +4 short sword
rCold   . . .      Faith    .    (no shield)
rNeg    . . .      Spirit   .    (body armour currently unavailable)
rPois   +          Reflect  .    (helmet currently unavailable)
rElec   .          Harm     .    (cloak currently unavailable)
rCorr   .          Rampage  .    (gloves currently unavailable)
Will    .....      NoTele   +    (boots currently unavailable)
Stlth   +++++                    (no amulet)
HPRegen 0.29/turn                w - ring of see invisible
MPRegen 0.10/turn                (no ring)

@: tree-form
A: stationary, stasis, torment immunity, boosted hp, small, no large weapons,
nightstalker 3
a: no special abilities


You were on level 3 of the Dungeon.
You were a tree.
You visited 1 branch of the dungeon, and saw 3 of its levels.

You collected 137 gold pieces.
You spent 57 gold pieces at shops.

Inventory:

Hand Weapons
 a - a +2 dagger
 l - a +4 short sword (weapon)
Missiles
 d - 15 poisoned darts (quivered)
 e - 3 curare-tipped darts
Armour
 b - a +0 robe (melded)
 c - a +0 cloak (melded)
Jewellery
 w - a ring of see invisible (left branch)
 y - an amulet of magic regeneration
Wands
 z - a wand of light (9)
Scrolls
 g - a scroll of noise {unknown}
 h - a scroll of torment {unknown}
 n - 3 scrolls of fear {unknown}
 o - 2 scrolls of identify {unknown}
 r - a scroll of amnesia {unknown}
 u - a scroll of fog {unknown}
 v - a scroll of vulnerability {unknown}
 x - a scroll of blinking {unknown}
Potions
 f - a potion of berserk rage {unknown}
 i - a potion of curing {unknown}
 j - 2 potions of flight {unknown}
 k - a potion of heal wounds {unknown}
 m - a potion of magic {unknown}
 p - a potion of ambrosia {unknown}
 s - a potion of cancellation {unknown}
 t - a potion of attraction {unknown}


   Skills:
 + Level 3.6 Fighting
 + Level 4.4 Short Blades
 - Level 2.1 Throwing
 + Level 3.3 Dodging
 + Level 6.5 Stealth


You had 5 spell levels left.
You didn't know any spells.
Your spell library was empty.

Dungeon Overview and Level Annotations

Branches:
Dungeon (3/15)

Altars:

Shops:
D:2 *


Innate Abilities, Weirdness & Mutations

You are a tree.
Your roots penetrate the ground, keeping you stationary.
You cannot be teleported.
You are immune to unholy pain and torment.
Your maximum health is greatly increased.
Your equipment is partially melded.
You are small and have problems with some larger weapons.
You are completely attuned to the shadows.


Message History

The ice beast hits you but does no damage.
You hit the ice beast.
The ice beast is lightly wounded.
You hit the ice beast.
The ice beast is moderately wounded.
The ice beast closely misses you.
You barely miss the ice beast.
The ice beast is moderately wounded.
The ice beast hits you. The ice beast freezes you!
You hit the ice beast.
The ice beast is moderately wounded.
The ice beast hits you. The ice beast freezes you.
* * * LOW HITPOINT WARNING * * *
It was a potion of lignification.
You turn into a tree.
Your +0 cloak melds into your body.
Your +0 robe melds into your body.
Your roots penetrate the ground.
The ice beast hits you but does no damage.
You closely miss the ice beast.
The ice beast is moderately wounded.
You hit the ice beast.
The ice beast is heavily wounded.
The ice beast hits you but does no damage.
You hit the ice beast.
The ice beast is severely wounded.
The ice beast hits you but does no damage.
You hit the ice beast.
The ice beast is severely wounded.
The ice beast hits you.
* * * LOW HITPOINT WARNING * * *
The ice beast freezes you.
* * * LOW HITPOINT WARNING * * *
You hit the ice beast.
The ice beast is almost dead.
You hit the ice beast.
You punch the ice beast, but do no damage.
The ice beast is almost dead.
The ice beast hits you.
* * * LOW HITPOINT WARNING * * *
The ice beast freezes you!
You die...

###........###........
##....#..##........ #
#.#####.##........
#####.# #...........
.##...########........
......................
.#############.......
.### #....... ...##
#..♣.... ....#
#..Y.... .....
#....... .....
......... .####
##....... ... .##


You could see an ice beast.

Vanquished Creatures
  An orc priest (D:3)
  Jessica (D:2)
  An orc wizard (D:3)
  4 adders
  4 worms (D:2)
  3 dart slugs (D:1)
  4 orcs (D:3)
  4 ball pythons
  6 bats
  6 endoplasms
  3 giant cockroaches
  3 hobgoblins
  5 kobolds
  3 quokkas
  2 goblins
  5 rats
55 creatures vanquished.

Notes
Turn   | Place    | Note
-------+----------+-------------------------------------------
     0 | D:1      | cforsyth the Kobold Brigand began the quest for the Orb.
     0 | D:1      | Reached XP level 1. HP: 12/12 MP: 1/1
   144 | D:1      | Reached XP level 2. HP: 18/18 MP: 2/2
   641 | D:1      | Reached XP level 3. HP: 22/22 MP: 3/3
  1140 | D:2      | Reached XP level 4. HP: 27/27 MP: 4/4
  1238 | D:2      | Reached skill level 6 in Stealth
  1264 | D:2      | Found Peyla's Assorted Antiques.
  1291 | D:2      | Bought a scroll labelled RATWIA SILE for 21 gold pieces
  1291 | D:2      | Bought a bubbling orange potion for 18 gold pieces
  1291 | D:2      | Bought a smoky yellow potion for 18 gold pieces
  1489 | D:2      | Noticed Jessica
  1495 | D:2      | Killed Jessica
  1496 | D:2      | Reached XP level 5. HP: 26/32 MP: 5/5
  1842 | D:3      | Reached XP level 6. HP: 21/37 MP: 6/6
  2127 | D:3      | Noticed an ice beast
  2144 | D:3      | Slain by an ice beast

Illustrated notes

Levels and vault maps discovered:
D:1:      dpeg_arrival_tiny_k, layout_loops_ring, hangedman_decor_diamond_cutter
D:2:      minmay_diamond_boxcup, layout_basic, serial_shops, nicolae_shop_stone,
          minmay_misc_feat_cross, uniq_jessica
D:3:      layout_rooms

Skill      XL: |  1  2  3  4  5 |
---------------+----------------+-----
Short Blades   | 3 4 |  4.4
Dodging        | 2 3 |  3.3
Fighting       | 3 |  3.6
Stealth        | 6 |  6.5
Throwing       | |  2.1

Action                     |  1- 3 |  4- 6 || total
---------------------------+-------+-------++-------
  Melee: Dagger            |    20 |       ||    20
         Punch             |     1 |     5 ||     6
         Short sword       |    15 |    76 ||    91
    Use: Potion            |       |     1 ||     1
   Stab: Sleeping          |    24 |     4 ||    28
 Armour: Robe              |     1 |     9 ||    10
         Skin              |       |     3 ||     3
  Dodge: Dodged            |     7 |    36 ||    43

Table legend: (Time is in decaauts)
 A = Elapsed time spent in this place.
 B = Non-inter-level travel time spent in this place.
 C = Inter-level travel time spent in this place.
 D = Time resting spent in this place.
 E = Time spent auto-exploring this place.
 F = Levels seen in this place.
 G = Mean time per level.
                   A        B        C        D        E       F      G
               +--------+--------+--------+--------+--------+-----+--------+
         Total |   2121 |   1996 |    125 |      0 |   1700 |   3 |  707.0 |
       Dungeon |   2121 |   1996 |    125 |      0 |   1700 |   3 |  707.0 |
               +--------+--------+--------+--------+--------+-----+--------+

Top non-repeatable levels by time:
     D:1: 826 daAuts
     D:2: 751 daAuts
     D:3: 544 daAuts
